 Dungeon Crawl Stone Soup version 0.26.0-3-g156281e41b (webtiles) character file.

Game seed: 17555648196942595296

117 Destapler the Poker (level 5, 0/41 HPs)
             Began as a Merfolk Gladiator on Jan 9, 2021.
             Slain by Natasha (6 damage)
             ... on level 2 of the Dungeon.
             The game lasted 00:02:17 (1561 turns).

Destapler the Poker (Merfolk Gladiator)             Turns: 1561, Time: 00:02:18

Health: 0/41       AC:  5    Str: 14    XL:     5   Next: 1%
Magic:  5/5        EV: 15    Int:  8    God:
Gold:   70         SH:  0    Dex: 16    Spells: 4/4 levels left

rFire    . . .     SeeInvis .   a - +0 trident
rCold    . . .     Faith    .   (no shield)
rNeg     . . .     Spirit   .   b - +1 leather armour
rPois    .         Reflect  .   c - +0 helmet
rElec    .         Harm     .   (no cloak)
rCorr    .         Rampage  .   (no gloves)
Will     .....                  (no boots)
Stlth    +.........             (no amulet)
HPRegen  0.13/turn              (no ring)
MPRegen  0.09/turn              (no ring)

@: slowed, very slow
A: change form in water, swift swim, stealthy swim
a: no special abilities


You were on level 2 of the Dungeon.
You visited 1 branch of the dungeon, and saw 2 of its levels.

You collected 70 gold pieces.

Inventory:

Hand Weapons
 a - a +0 trident (weapon)
Missiles
 d - 3 throwing nets (quivered)
Armour
 b - a +1 leather armour (worn)
 c - a +0 helmet (worn)
Wands
 m - a wand of polymorph (12)
Scrolls
 f - a scroll of identify {unknown}
 h - a scroll of fog
 i - a scroll of teleportation
 j - a scroll of remove curse
 l - a scroll of amnesia {unknown}
 n - a scroll of fear {unknown}
Potions
 e - a potion of attraction {unknown}
 g - a potion of might {unknown}
 k - a potion of lignification {unknown}


   Skills:
 + Level 3.3 Fighting
 + Level 5.4 Polearms
 + Level 3.0 Throwing
 + Level 5.0 Dodging


You had 4 spell levels left.
You didn't know any spells.
Your spell library was empty.

Dungeon Overview and Level Annotations

Branches:
Dungeon (2/15)

Altars:

Annotations:
D:2 Natasha


Message History

You are too injured to fight recklessly!
You are too injured to fight recklessly!
You are too injured to fight recklessly!
You are too injured to fight recklessly!
You puncture Natasha!
Natasha is almost dead.
The ooze hits you.
* * * LOW HITPOINT WARNING * * *
Natasha casts a spell at you.
You feel yourself slow down.
The crimson imp hits you but does no damage.
You hit Natasha but do no damage.
Natasha is almost dead.
The white imp disappears in a puff of smoke!
The ooze closely misses you.
Natasha stares at you and mumbles some strange words.
You resist with some effort.
The crimson imp hits you but does no damage.
The ooze closely misses you. Natasha claws you.
You die...

#.# #.# #.#
#..####> #.# #.#
#.# #..†.(.. #.#
#.# #.# ##.#####
#.# #.# #.# #.#
#.# #.# #.# #.#
#.# #.# #.# #
#.# #.###.###.#
... ...
#........J#.....
#.#
#####..5@h§.....
#.. #######.....
... ... #


You could see Natasha, a crimson imp (summoned) and an ooze.

Vanquished Creatures
  Jessica (D:2)
  Natasha (D:2)
  A worker ant (D:2)
  A worm (D:2)
  A dart slug (D:2)
  A leopard gecko (D:1)
  4 bats
  2 giant cockroaches (D:1)
  3 goblins
  4 hobgoblins
  2 jackals (D:2)
  2 ball pythons (D:1)
  2 frilled lizards
  8 kobolds
  6 rats
39 creatures vanquished.

Notes
Turn   | Place    | Note
-------+----------+-------------------------------------------
     0 | D:1      | Destapler the Merfolk Gladiator began the quest for the
                  | Orb.
     0 | D:1      | Reached XP level 1. HP: 16/16 MP: 1/1
   276 | D:1      | Reached XP level 2. HP: 23/23 MP: 2/2
   974 | D:2      | Reached XP level 3. HP: 28/28 MP: 3/3
  1152 | D:2      | Noticed Natasha
  1159 | D:2      | Killed Natasha
  1160 | D:2      | Reached skill level 5 in Polearms
  1186 | D:2      | Noticed Jessica
  1193 | D:2      | Killed Jessica
  1194 | D:2      | Reached XP level 4. HP: 35/35 MP: 4/4
  1331 | D:2      | Reached skill level 5 in Dodging
  1476 | D:2      | Reached XP level 5. HP: 34/41 MP: 5/5
  1542 | D:2      | Noticed Natasha
  1561 | D:2      | Slain by Natasha

Illustrated notes

Levels and vault maps discovered:
D:1:      dpeg_arrival_oval, layout_loops_ring
D:2:      layout_loops_ring, uniq_natasha, uniq_jessica

Skill      XL: |  1  2  3  4 |
---------------+-------------+-----
Polearms       | 5 |  5.4
Fighting       | 3 |  3.3
Throwing       | 3 |  3.0
Dodging        | 5 |  5.0

Action                   |  1- 3 |  4- 6 || total
-------------------------+-------+-------++-------
Melee: Trident           |    95 |    69 ||   164
  Use: Scroll            |     4 |       ||     4
 Stab: Sleeping          |     1 |       ||     1
       Distracted        |     1 |       ||     1
Armor: Leather armour    |    31 |     8 ||    39
Dodge: Dodged            |    71 |    48 ||   119
